[Event "Late-Titled-Tuesday-Blitz-February-06-2024"]
[Site "Chess.com"]
[Date "2024.02.06"]
[Round "11"]
[White "Msb2"]
[Black "dedpihto_v_kozhanom_palto"]
[Result "1-0"]
[WhiteElo "2977"]
[BlackElo "2705"]
[TimeControl "180+1"]
[EndTime "16:04:35 PST"]
[Termination "Msb2 won on time"]

1. d4 g6 2. c4 Bg7 3. e4 d6 4.
Nc3 Nc6 5. d5 Nd4 6. Be3 c5 7.
Nge2 Qb6 8. Na4 Qa5+ 9. Bd2 Qc7 10. Bc3 e5 11. dxe6 Bxe6 12. Nxd4 cxd4 13. Bxd4 Nf6 14.
Nc3 O-O 15. b3 d5 16. cxd5 Bg4 17. f3 Rfe8 18. Be2 Nxe4 19. Nxe4 Rxe4 20. fxe4 Bxe2 21. Kxe2 Re8 22. Kf3 f5 23. e5 Qd8 24. Re1 Qh4 25.
h3 f4 26. Ke2 f3+ 27. gxf3 Bxe5 28. Bf2 Qxh3 29. Kd2 Bf4+ 30. Kc2 Rc8+ 31. Kb2 Qg2 32. Qe2 1-0

[Event "Late-Titled-Tuesday-Blitz-February-06-2024"]
[Site "Chess.com"]
[Date "2024.02.06"]
[Round "11"]
[White "Nouali_Mohamed"]
[Black "EsmeraldasAnderson03"]
[Result "1/2-1/2"]
[WhiteElo "2562"]
[BlackElo "2405"]
[TimeControl "180+1"]
[EndTime "16:04:35 PST"]
[Termination "Game drawn by repetition"]

1. e4 c5 2. Nf3 d6 3. d4 cxd4 4. Nxd4 Nf6 5. Nc3 a6 6. Bc4 e6 7. Bb3 Qc7 8. Bg5 b5 9. Bxf6 gxf6 10. Qh5 Ke7 11. O-O-O b4 12. Nd5+ exd5 13. Bxd5 Ra7 14. Qxf7+ Kd8 15. Qxf6+ Qe7 16. Qxh8 Qe8 17. Kb1 Bg7 18.
Qxe8+ Kxe8 19. Nf5 Bf8 20. Rhe1 Nd7 21. Be6 Rc7 22. Nxd6+ Bxd6 23. Rxd6 Ke7 24. Rxd7+ Bxd7 25. Bxd7 Rxd7 26. Kc1 Ke6 27. f4 Rg7 28. g3 h5 29. b3 h4 30. Re3 h3 31. Rd3 a5 32. e5 Kf5 33. Rd6 Kg4 34. Rh6 Rd7 35.
Rh4+ Kf3 36. Rxh3 Ke2 37. g4 Rd4 38. f5 Rxg4 39. e6 Re4 40. Kb2 Re5 41. Rh5 Kd2 42. f6 Rxh5 43. e7 Rc5 44. e8=Q Rxc2+ 45. Kb1 Rc1+ 46. Kb2 Rc2+ 47. Kb1 Rc1+ 48. Kb2 Rc2+ 1/2-1/2

[Event "Late-Titled-Tuesday-Blitz-February-06-2024"]
[Site "Chess.com"]
[Date "2024.02.06"]
[Round "11"]
[White "shirovin"]
[Black "martinez_95"]
[Result "1-0"]
[WhiteElo "2110"]
[BlackElo "2212"]
[TimeControl "180+1"]
[EndTime "16:04:38 PST"]
[Termination "shirovin won by checkmate"]

1. e4 Nf6 2. e5 Nd5 3. d4 d6 4.
Nf3 Nc6 5. e6 fxe6 6. c4 Nf6 7.
Nc3 g6 8. h4 Bg7 9. Bg5 O-O 10.
Qd2 e5 11. d5 e4 12. dxc6 exf3 13. gxf3 bxc6 14. Bh6 Bf5 15. Bxg7 Kxg7 16. O-O-O e5 17. Bd3 Nh5 18. Ne2 Rb8 19. Bxf5 Rxf5 20. Ng3 Nxg3 21.
fxg3 Rxf3 22. h5 Qf6 23. Rde1 Rf2 24. Re2 Qf3 25. h6+ Kg8 26. Rhe1 Rxe2 27. Rxe2 Qf1+ 28. Kc2 Qf5+ 29. Kc3 e4 30. Qd4 Re8 31. Qg7# 1-0

[Event "Late-Titled-Tuesday-Blitz-February-06-2024"]
[Site "Chess.com"]
[Date "2024.02.06"]
[Round "11"]
[White "Canal_Showdrez"]
[Black "maurovargas01"]
[Result "1-0"]
[WhiteElo "2036"]
[BlackElo "1880"]
[TimeControl "180+1"]
[EndTime "16:04:38 PST"]
[Termination "Canal_Showdrez won on time"]

1. d4 d5 2. Nf3 Bf5 3. e3 e6 4. c4 c6 5. Qb3 Qd7 6. Ne5 Qc8 7. c5 Nd7 8. f4 f6 9. Nf3 Nh6 10.
Nbd2 Nf7 11. Bd3 Bxd3 12. Qxd3 Be7 13. b3 O-O 14. g4 e5 15. fxe5 fxe5 16. Qe2 e4 17.
Ng1 Bh4+ 18. Kd1 Ng5 19. Kc2 Rf2 20. Qd1 b6 21. Ne2 bxc5 22. dxc5 Nxc5 23. Bb2 Nd3 24.
Bc3 Qxg4 25. Nd4 c5 26. Qxg4 h6 27. Qxh4 cxd4 28. exd4 e3 29. Kxd3 Re8 30. Rae1 Rg2 31.
Rxe3 Rf8 32. Bb4 Rff2 33. Rf1 Rxh2 34. Qxf2 Rxf2 35. Rxf2 1-0

[Event "Late-Titled-Tuesday-Blitz-February-06-2024"]
[Site "Chess.com"]
[Date "2024.02.06"]
[Round "11"]
[White "AlexeiShirov"]
[Black "SpeedofLight0"]
[Result "0-1"]
[WhiteElo "2827"]
[BlackElo "3052"]
[TimeControl "180+1"]
[EndTime "16:04:40 PST"]
[Termination "SpeedofLight0 won by resignation"]

1. e4 Nc6 2. Nf3 d6 3. d4 Nf6 4.
Nc3 g6 5. Be2 Bg7 6. O-O O-O 7.
Bg5 h6 8. Bh4 g5 9. Bg3 Nh5 10.
d5 Nxg3 11. hxg3 Ne5 12. Nd4 c5 13. Nf5 Bxf5 14. exf5 Qb6 15. Rb1 a6 16. Bh5 Qa5 17. Qe2 Rae8 18. a3 b5 19. Ne4 Nd7 20. c3 Nf6 21. f4 Nxe4 22. Qxe4 Bf6 23. Kh2 Kg7 24. Rf3 Rb8 25. Re3 b4 26. cxb4 cxb4 27. Rbe1 bxa3 28. Rxa3 Qb6 29. Rea1 Qxb2 30. Rxa6 Rb4 31. Qf3 gxf4 32. R1a2 Qe5 33. g4 Re4 34. R6a3 Re1 35. Ra4 Re3 36. Qxf4 Qxf4+ 37. Rxf4 Be5 38. g3 Bxf4 39. gxf4 Rc8 40.
Kg2 Rc4 41. Kf2 Ree4 42. Ra7 Rxf4+ 43. Kg3 Rfe4 44. Ra8 Rc3+ 45. Kf2 Rb4 46. Ke2 Rb2+ 47. Kd1 Rh3 48. Kc1 Rg2 0-1

[Event "Late-Titled-Tuesday-Blitz-February-06-2024"]
[Site "Chess.com"]
[Date "2024.02.06"]
[Round "11"]
[White "rasmussvane"]
[Black "mr_gustavo"]
[Result "1-0"]
[WhiteElo "2963"]
[BlackElo "2724"]
[TimeControl "180+1"]
[EndTime "16:04:40 PST"]
[Termination "rasmussvane won on time"]

1. Nf3 d5 2. g3 Nf6 3. Bg2 e6 4. O-O Be7 5. c4 O-O 6. b3 d4 7. e3 c5 8. Ne5 Qc7 9. f4 Nbd7 10. Nd3 e5 11. g4 h6 12. Bb2 exf4 13.
exd4 cxd4 14. Bxd4 Nc5 15. Nxf4 Bxg4 16. Qe1 Rad8 17.
Be5 Qb6 18. Kh1 Rfe8 19. Qg3 Ncd7 20. d4 Nxe5 21. dxe5 Nh7 22. Qxg4 Qd4 23. e6 f5 24. Qg6 Rf8 25. Nc3 Qxc3 26. Nd5 Rxd5 27. Bxd5 f4 28. Rac1 Qd4 29. Rcd1 Qc3 30. Be4 Ng5 31. Rd7 1-0

[Event "Late-Titled-Tuesday-Blitz-February-06-2024"]
[Site "Chess.com"]
[Date "2024.02.06"]
[Round "11"]
[White "Ducke13"]
[Black "ATM622"]
[Result "1-0"]
[WhiteElo "2329"]
[BlackElo "2432"]
[TimeControl "180+1"]
[EndTime "16:04:40 PST"]
[Termination "Ducke13 won by resignation"]

1. d4 Nf6 2. g3 e6 3. Bg2 d5 4. Nf3 Be7 5. O-O O-O 6. c4 dxc4 7. Na3 c5 8. Nxc4 Nc6 9. dxc5 Bxc5 10. a3 a5 11. Bg5 Be7 12. Qc2 h6 13. Bf4 Nd5 14.
Bd2 b5 15. Nce5 Nxe5 16. Nxe5 Bb7 17. Rac1 Rc8 18. Qd3 Qd6 19. Nf3 b4 20. e4 Nb6 21.
Qe2 bxa3 22. bxa3 Qxa3 23. Rb1 Bb4 24. Bxb4 axb4 25. Qb5 Qa6 26. Qxb4 Rc6 27. Nd4 Rc4 28. Qxb6 Qxb6 29. Rxb6 Ba8 30. Nb5 Bxe4 31. Nd6 Rd4 32. Nxe4 f5 33. Nc5 e5 34. Ne6 Rf6 35. Rb8+ Kh7 36.
Nxd4 exd4 37. Rd1 Rd6 38. Rb4 d3 39. Rb3 d2 40. Rb2 Re6 41. Rbxd2 g5 42. Rd6 Re7 43. Rd7 1-0

[Event "Late-Titled-Tuesday-Blitz-February-06-2024"]
[Site "Chess.com"]
[Date "2024.02.06"]
[Round "11"]
[White "GAusal"]
[Black "Bkmzzzzz"]
[Result "0-1"]
[WhiteElo "2279"]
[BlackElo "2409"]
[TimeControl "180+1"]
[EndTime "16:04:40 PST"]
[Termination "Bkmzzzzz won on time"]

1. d4 d5 2. Nf3 e6 3. Bf4 Bd6 4. Bxd6 Qxd6 5. e3 Nf6 6. c4 dxc4 7. Bxc4 Qb4+ 8. Nbd2 O-O 9. Qb3 Qd6 10. O-O a6 11. Bd3 b6 12. Rac1 Bb7 13. Qc2 Rc8 14. Qd1 c5 15. Qe2 Nbd7 16. dxc5 Nxc5 17. Bb1 a5 18. Nd4 Ba6 19. Nc4 Qe7 20. Qd2 Ncd7 21. b3 Bxc4 22.
Rxc4 Rxc4 23. bxc4 Rc8 24. Rc1 Ne5 25. Bd3 Qa3 26.
Bf1 h6 27. Nb5 Qa4 28. Qc2 Qb4 29. a3 Qc5 30. Qb3 Nfd7 31. Be2 Qc6 32. f3 Nc5 33. Qc3 Ncd7 34. Kf2 Qc5 35. Nd4 Nf6 36. Nb5 Neg4+ 37.
fxg4 Ne4+ 38. Kf3 Nxc3 0-1

[Event "Late-Titled-Tuesday-Blitz-February-06-2024"]
[Site "Chess.com"]
[Date "2024.02.06"]
[Round "11"]
[White "egnfanclub"]
[Black "Yushko_Olga"]
[Result "0-1"]
[WhiteElo "2345"]
[BlackElo "2235"]
[TimeControl "180+1"]
[EndTime "16:04:40 PST"]
[Termination "Yushko_Olga won by checkmate"]

1. e4 g6 2. Nc3 Bg7 3. f4 d6 4. Nf3 Nf6 5. Bc4 O-O 6. d3 Nbd7 7. O-O c6 8. a4 Qc7 9. Qe1 e5 10. Qh4 Nc5 11. fxe5 dxe5 12. Bg5 Nh5 13. Be7 Ne6 14.
Bxf8 Nxf8 15. Ng5 Be6 16. Nxe6 Nxe6 17. Bxe6 fxe6 18. b3 Qd7 19. Ne2 Bh6 20. Rf3 Bg7 21.
Raf1 Re8 22. Qf2 Nf4 23. Kh1 g5 24. g3 Nh3 25. Qxa7 g4 26. Rf7 Qxf7 27. Rxf7 Kxf7 28. Qxb7+ Kg6 29. Qd7 Rf8 30. Qxe6+ Kh5 31. Nf4+ exf4 32.
gxf4 Rxf4 33. Qe8+ Kh6 34. Qxc6+ Rf6 35. Qd5 Rf1+ 36. Kg2 Rg1# 0-1

[Event "Late-Titled-Tuesday-Blitz-February-06-2024"]
[Site "Chess.com"]
[Date "2024.02.06"]
[Round "11"]
[White "jefferyx"]
[Black "kuli4ik"]
[Result "1-0"]
[WhiteElo "3007"]
[BlackElo "2871"]
[TimeControl "180+1"]
[EndTime "16:04:41 PST"]
[Termination "jefferyx won by resignation"]

1. e4 g6 2. d4 Bg7 3. Nf3 d6 4. Be3 c5 5. c3 cxd4 6. cxd4 Nc6 7. h3 Nf6 8. Nc3 O-O 9. Bd3 b6 10. O-O Bb7 11. a3 Rc8 12. Re1 e6 13. Rc1 Na5 14.
Nd2 Qd7 15. b4 Nc6 16. Qa4 Rfd8 17. Bb5 Qe7 18. Nf3 a6 19. Bd3 b5 20. Qb3 Nb8 21. d5 e5 22. a4 bxa4 23. Nxa4 Rxc1 24. Rxc1 Rc8 25. Rxc8+ Bxc8 26. Nb6 Bb7 27. Nd2 Qc7 28. Ndc4 Nfd7 29. Nxd7 Nxd7 30. Na5 Bc8 31. Nc6 Nb8 32. Qc4 Nxc6 33. Qxc6 Qxc6 34. dxc6 Kf8 35. Bc4 Ke7 36.
g4 f5 37. gxf5 gxf5 38. exf5 Kf6 39. Be2 d5 40. Bb6 Bf8 41. Bd8+ Kf7 42. Bh5+ Kg8 43. Be8 Bxb4 44. Bd7 Bxd7 45. cxd7 Kf7 46. Bc7 Be7 47. d8=Q Bxd8 48. Bxd8 a5 49. Bxa5 Kf6 50. Kg2 Kxf5 51. Kf3 d4 52. Bc7 e4+ 53. Kg3 h5 54. h4 e3 55.
fxe3 dxe3 56. Kf3 e2 57. Kxe2 Kg4 58. Bd8 1-0

[Event "Late-Titled-Tuesday-Blitz-February-06-2024"]
[Site "Chess.com"]
[Date "2024.02.06"]
[Round "11"]
[White "cthake"]
[Black "ChessFanNM"]
[Result "0-1"]
[WhiteElo "1848"]
[BlackElo "2330"]
[TimeControl "180+1"]
[EndTime "16:04:41 PST"]
[Termination "ChessFanNM won on time"]

1. e4 c6 2. Nc3 d5 3. exd5 cxd5 4. d4 Nc6 5. Bf4 Bf5 6. Nf3 Nf6 7. Bb5 a6 8. Bxc6+ bxc6 9. O-O e6 10. Ne5 Rc8 11.
Qe2 Qa5 12. Rfe1 Be7 13. a3 O-O 14. b4 Qd8 15. Qxa6 Bd6 16. Bg3 Bxe5 17. Bxe5 Bxc2 18.
Rac1 Bb3 19. h3 Bc4 20. Qb7 Nd7 21. Re3 Nxe5 22. Rxe5 Qd6 23. Qb6 Ra8 24. Ra1 Rfb8 25. Qc5 Qxc5 26. bxc5 Rb3 27. Re3 Raxa3 28. Rxa3 Rxa3 29.
Nd1 Ra1 30. Re1 Bb3 31. Kf1 Rxd1 32. Rxd1 Bxd1 33. Ke1 Ba4 34. Kd2 Bb5 0-1

[Event "Late-Titled-Tuesday-Blitz-February-06-2024"]
[Site "Chess.com"]
[Date "2024.02.06"]
[Round "11"]
[White "KuzubovYuriy"]
[Black "Polish_fighter3000"]
[Result "1/2-1/2"]
[WhiteElo "2915"]
[BlackElo "3054"]
[TimeControl "180+1"]
[EndTime "16:04:42 PST"]
[Termination "Game drawn by repetition"]

1. d4 d5 2. c4 e6 3. Nf3 Nf6 4. Nc3 c6 5. e3 Nbd7 6. Be2 Bd6 7. b3 O-O 8. O-O b6 9. Bb2 Bb7 10. a4 Rc8 11. a5 Re8 12. a6 Ba8 13. cxd5 Nxd5 14.
Nxd5 cxd5 15. Qd2 Qe7 16. Rfc1 Bc6 17. Ne5 Nxe5 18. dxe5 Bc5 19. Bc3 Qd7 20. Qd3 Qe7 21.
Qd2 Qd7 22. Qd3 Qe7 23. Rab1 Bb4 24. Bxb4 Qxb4 25. Qd4 Qxd4 26. exd4 Bd7 27. f4 Kf8 28. Kf2 Ke7 29. Ke3 Rxc1 30. Rxc1 Rc8 31. Rxc8 Bxc8 32. g4 Bd7 33. h4 g6 34. Kd2 Kd8 35. Kc3 Kc7 36. Kb4 Bc8 37. Bd3 Bd7 38. Kc3 b5 39.
Kb4 Kb6 40. Be2 Bc6 41. Bf1 Bd7 42. Bg2 Bc6 43. Bf1 Be8 44. Bd3 Bd7 45. Bc2 Bc8 46.
Bd3 Bd7 1/2-1/2

[Event "Late-Titled-Tuesday-Blitz-February-06-2024"]
[Site "Chess.com"]
[Date "2024.02.06"]
[Round "11"]
[White "TanitoluwaAps116"]
[Black "bazar-wokzal"]
[Result "0-1"]
[WhiteElo "2799"]
[BlackElo "2649"]
[TimeControl "180+1"]
[EndTime "16:04:45 PST"]
[Termination "bazar-wokzal won by checkmate"]

1. e4 Nc6 2. Nc3 Nf6 3. d4 d5 4. e5 Nd7 5. Nf3 Nb6 6. Bd3 Bg4 7. Be3 e6 8. h3 Bxf3 9. Qxf3 Bb4 10. Qg4 Kf8 11.
O-O Bxc3 12. bxc3 Na5 13. f4 h5 14. Qg3 g6 15. Rf3 Nac4 16. Raf1 h4 17. Qg4 Rh5 18. Bc1 Qe7 19. f5 exf5 20. Bxf5 Rxf5 21. Bh6+ Ke8 22. Rxf5 gxf5 23. Qg8+ Kd7 24. Qh7 Re8 25. Rxf5 Kc8 26.
Rxf7 Qd8 27. a4 a5 28. Qf5+ Kb8 29. Bg5 Qc8 30. Qh7 Nxa4 31. Be7 Nxc3 32. Bc5 b6 33.
Be7 Ne2+ 34. Kh2 Nxd4 35. Qxh4 Nc6 36. Bf6 N4xe5 37. Rg7 Qf5 38. Bg5 Qxc2 39. Qg3 Nd4 40. Bf4 Nef3+ 41. Kh1 Qd1+ 42. Qe1 Rxe1# 0-1

[Event "Late-Titled-Tuesday-Blitz-February-06-2024"]
[Site "Chess.com"]
[Date "2024.02.06"]
[Round "11"]
[White "VitaliyChayka"]
[Black "aghasiyevkamal"]
[Result "0-1"]
[WhiteElo "2447"]
[BlackElo "2601"]
[TimeControl "180+1"]
[EndTime "16:04:45 PST"]
[Termination "aghasiyevkamal won by resignation"]

1. d4 Nf6 2. Bf4 d5 3. e3 e6 4. Nf3 Bd6 5. Bg3 O-O 6. Nbd2 b6 7. c3 Ba6 8. Bxa6 Nxa6 9. Qe2 Qc8 10. e4 Be7 11.
O-O c5 12. Rac1 Qb7 13. exd5 Nxd5 14. Ne4 Rac8 15. Rfd1 cxd4 16. Nxd4 Nc5 17. Nd6 Bxd6 18. Bxd6 Rfd8 19. Bg3 a6 20. Rd2 b5 21. Rcd1 Na4 22. Bh4 Re8 23. Rd3 Nf4 24. Qg4 Ng6 25. Bg3 Nxb2 26.
h4 Nxd1 27. Rxd1 f5 28. Qg5 Qe7 29. Qd2 Nxh4 30. Re1 Qf6 31. Be5 Qg6 32. g3 f4 33.
Qxf4 Nf5 34. Nf3 h6 35. Rd1 Rcd8 36. Re1 Rd5 37. Kg2 Rc8 38. Re4 a5 39. Re1 Rc4 40. Re4 Rxe4 41. Qxe4 Rd3 42. Bf4 Nh4+ 0-1

[Event "Late-Titled-Tuesday-Blitz-February-06-2024"]
[Site "Chess.com"]
[Date "2024.02.06"]
[Round "11"]
[White "Jamal-Jamal-Jamal"]
[Black "ImportedItalianMaple"]
[Result "0-1"]
[WhiteElo "2355"]
[BlackElo "2495"]
[TimeControl "180+1"]
[EndTime "16:04:46 PST"]
[Termination "ImportedItalianMaple won by resignation"]

1. e4 g6 2. d4 Bg7 3. Nc3 d5 4.
exd5 Nf6 5. Bb5+ Nbd7 6. Nf3 O-O 7. Bg5 Nb6 8. Bxf6 Bxf6 9. h3 Nxd5 10. Nxd5 Qxd5 11. Qe2 Bf5 12. O-O Bxc2 13. Rac1 Be4 14.
Rxc7 Bxf3 15. gxf3 Qxd4 16. Rxb7 Rab8 17. Rxb8 Rxb8 18.
a4 a6 19. Rd1 Qh4 20. Bxa6 Rxb2 21. Qe3 Qxh3 22. Bf1 Qh4 23. a5 Rb4 24. a6 Bd4 25. a7 Bxe3 26. a8=Q+ Kg7 27. fxe3 Qg3+ 28. Bg2 Rb2 29.
f4 Qxe3+ 30. Kh1 Qxf4 31. Qf3 Qh4+ 32. Kg1 Rb6 33. Qc3+ Rf6 34. Rf1 Qg5 35. Rxf6 Qxf6 36. Qxf6+ Kxf6 37. Kf2 e5 38. Ke3 Ke6 39. Bf1 f5 40.
Bc4+ Kf6 41. Bg8 h5 42. Kf3 h4 43. Kg2 g5 44. Kh3 e4 45. Bc4 Ke5 46. Be2 Kf4 47. Bd1 e3 0-1

[Event "Late-Titled-Tuesday-Blitz-February-06-2024"]
[Site "Chess.com"]
[Date "2024.02.06"]
[Round "11"]
[White "UnTucopalaTimba"]
[Black "rcmz"]
[Result "0-1"]
[WhiteElo "1955"]
[BlackElo "2128"]
[TimeControl "180+1"]
[EndTime "16:04:46 PST"]
[Termination "rcmz won by checkmate"]

1. e4 a6 2. d4 b5 3. a4 b4 4. a5 Bb7 5. Bd3 e6 6. Nf3 c5 7. Be3 Qc7 8. O-O c4 9. Be2 Bxe4 10.
Nbd2 Bd5 11. b3 c3 12. Nc4 Bxc4 13. Bxc4 d5 14. Bd3 Nf6 15. Qe2 Bd6 16. h3 h6 17. Ra4 Nfd7 18. Bc1 Qb7 19. Ne5 Nxe5 20. dxe5 Be7 21. Qg4 g6 22. Be3 h5 23. Qf3 Nc6 24.
Bf4 Nd4 25. Qe3 Nf5 26. Bxf5 gxf5 27. Bg5 Rg8 28. Bxe7 Kxe7 29. Qd4 Rab8 30. Rd1 Qb5 31. Qh4+ Ke8 32. Qxh5 Rg6 33. Qh8+ Ke7 34. Qh4+ Kd7 35.
Qh5 Rbg8 36. g3 f4 37. g4 Qc5 38. Qh4 Qb5 39. Qh5 Qe2 40. Raa1 Rxg4+ 41. hxg4 Rxg4+ 42. Kh2 Qxf2+ 43. Kh3 Qg2# 0-1

[Event "Late-Titled-Tuesday-Blitz-February-06-2024"]
[Site "Chess.com"]
[Date "2024.02.06"]
[Round "11"]
[White "GlavkonVVS"]
[Black "ACollins05"]
[Result "1/2-1/2"]
[WhiteElo "2614"]
[BlackElo "2465"]
[TimeControl "180+1"]
[EndTime "16:04:47 PST"]
[Termination "Game drawn by repetition"]

1. c4 e6 2. Nf3 d5 3. g3 Nf6 4.
Bg2 dxc4 5. Qa4+ Nbd7 6. Qxc4 c5 7. O-O b6 8. d3 Bb7 9. Nc3 Be7 10. a4 a6 11. Qb3 O-O 12. Rd1 Rc8 13. h3 Nd5 14. d4 c4 15. Qc2 Nb4 16. Qb1 Nf6 17. Ne5 Bxg2 18. Kxg2 b5 19. axb5 axb5 20. e4 Qb6 21. Be3 Qb7 22. f3 Rfd8 23. Ra5 Nc6 24. Rxb5 Qa6 25. Nxc6 Qxc6 26. Qc2 Rb8 27. d5 exd5 28.
exd5 Qd7 29. Rxb8 Rxb8 30. d6 Bf8 31. g4 h6 32. Bf4 Qb7 33. Rd2 Qc6 34. Ne4 Nd5 35.
Bxh6 Bxd6 36. Nxd6 Qxd6 37. Qxc4 Qxh6 38. Qxd5 Qf6 39. b3 Qc3 40. Rd3 Qc2+ 41. Kg3 Qc7+ 42. Qd6 Qxd6+ 43. Rxd6 Rxb3 44. h4 g6 45. g5 Kg7 46.
Rd7 Rb4 47. Rd6 Rb3 48. Rd7 Ra3 49. Kg4 Ra1 50. f4 Rg1+ 51. Kf3 Rh1 52. Kg3 Rg1+ 53. Kh3 Rf1 54. Kg3 Rg1+ 55. Kf2 Rh1 56. Kg3 Rg1+ 1/2-1/2

[Event "Late-Titled-Tuesday-Blitz-February-06-2024"]
[Site "Chess.com"]
[Date "2024.02.06"]
[Round "11"]
[White "Korchmar_Vasiliy"]
[Black "igorkovalenko"]
[Result "0-1"]
[WhiteElo "2731"]
[BlackElo "2998"]
[TimeControl "180+1"]
[EndTime "16:04:50 PST"]
[Termination "igorkovalenko won on time"]

1. e4 c5 2. d4 cxd4 3. Qxd4 Nc6 4. Qd3 g6 5. Nc3 Bg7 6. Nf3 d6 7. Be2 Nf6 8. O-O O-O 9. Nd5 Nd7 10. c3 Nc5 11. Qc2 e6 12. Ne3 Qe7 13. Rd1 Rd8 14.
Nc4 b5 15. Ne3 a6 16. Ng4 h5 17. Nh6+ Kf8 18. h4 Bb7 19. Bg5 f6 20. Be3 Ne5 21. Nxe5 dxe5 22. Rxd8+ Rxd8 23. Rd1 Rxd1+ 24. Qxd1 Nxe4 25.
Bf3 Bxh6 26. Bxh6+ Kf7 27. Bxh5 f5 28. g3 Nf6 29.
Bf3 Bxf3 30. Qxf3 e4 31. Qd1 Qd7 32. Qc1 e5 33. Bg5 Ng4 34. c4 Qc6 35. c5 Nf6 0-1

[Event "Late-Titled-Tuesday-Blitz-February-06-2024"]
[Site "Chess.com"]
[Date "2024.02.06"]
[Round "11"]
[White "TheMagician"]
[Black "BebeBonito2022"]
[Result "1-0"]
[WhiteElo "2180"]
[BlackElo "2308"]
[TimeControl "180+1"]
[EndTime "16:04:52 PST"]
[Termination "TheMagician won on time"]

1. c4 e5 2. Nc3 Nc6 3. g3 f5 4. Bg2 Nf6 5. d3 Bb4 6. Bd2 a5 7. a3 Bxc3 8. Bxc3 d6 9. Nf3 O-O 10. O-O Qe8 11. b4 axb4 12. axb4 Rxa1 13. Qxa1 Qh5 14. b5 Ne7 15. c5 f4 16. b6 Bh3 17.
bxc7 dxc5 18. Bxe5 Ng4 19. Bxf4 Bxg2 20. Kxg2 g5 21.
h3 gxf4 22. hxg4 Qxg4 23. Qe5 Nf5 24. c8=Q Rxc8 25. Qe6+ Kg7 26. Qd7+ Kf6 27. Qxh7 fxg3 28. Rg1 Rg8 29. Kf1 g2+ 30. Ke1 Qb4+ 31. Nd2 Rg7 32. Qh2 Qa3 33. e3 Qc1+ 34. Ke2 Nd4+ 35. exd4 Re7+ 36. Ne4+ Rxe4+ 37. dxe4 Qc2+ 38. Kf3 Qd3+ 39. Kxg2 Qxe4+ 40. Kf1 Qd3+ 41. Kg2 Qe4+ 42. f3 Qe2+ 43. Kg3 1-0

[Event "Late-Titled-Tuesday-Blitz-February-06-2024"]
[Site "Chess.com"]
[Date "2024.02.06"]
[Round "11"]
[White "emeli_chess"]
[Black "martinmena"]
[Result "1-0"]
[WhiteElo "2361"]
[BlackElo "2173"]
[TimeControl "180+1"]
[EndTime "16:04:54 PST"]
[Termination "emeli_chess won on time"]

1. d4 d5 2. c4 e6 3. Nc3 Nf6 4. cxd5 exd5 5. Bg5 Be7 6. e3 Nbd7 7. Bd3 c6 8. Nf3 O-O 9. O-O Re8 10. Qc2 Nf8 11.
h3 g6 12. Ne5 Ne6 13. Bh6 Ng7 14. Rab1 Bf5 15. b4 a6 16. a4 Nd7 17. f4 Bxd3 18.
Qxd3 Nf5 19. Bg5 Bxg5 20. fxg5 Nxe5 21. dxe5 Qxg5 22. e4 dxe4 23. Nxe4 Qe3+ 24. Qxe3 Nxe3 25. Nf6+ Kf8 26. Nxe8 Nxf1 27. Nd6 Ne3 28. Nxb7 Nc4 29. Re1 Rb8 30. Nc5 Rxb4 31. e6 fxe6 32. Rxe6 Nb2 33.
Rxc6 Nxa4 34. Nxa6 Rb6 35. Rc8+ Kg7 36. Nc7 Kf7 37. Nd5 Rd6 38. Rc7+ Ke6 39. Nf4+ Kf5 40. Ne2 Nb6 41. Rxh7 Kf6 42. Ng3 1-0

[Event "Late-Titled-Tuesday-Blitz-February-06-2024"]
[Site "Chess.com"]
[Date "2024.02.06"]
[Round "11"]
[White "Kostukov_Alex"]
[Black "abeljusto"]
[Result "1-0"]
[WhiteElo "2275"]
[BlackElo "2098"]
[TimeControl "180+1"]
[EndTime "16:04:57 PST"]
[Termination "Kostukov_Alex won on time"]

1. e4 c5 2. Nf3 Nc6 3. d4 cxd4 4.
Nxd4 Nf6 5. Nc3 d6 6. Be3 Ng4 7. Bg5 h6 8. Bh4 g5 9. Bg3 Bg7 10. Nxc6 bxc6 11. Bc4 Ne5 12. Bb3 O-O 13. Qe2 a5 14. a4 Ba6 15. Qh5 Qd7 16. h4 g4 17.
Bf4 Kh7 18. O-O-O Rab8 19. f3 Ng6 20. Bd2 Rxb3 21. cxb3 Qe6 22. fxg4 Qxb3 23. Bxh6 Bxh6+ 24. g5 Rb8 25. Qxh6+ Kg8 26. Rd2 Nf4 27. g6 Nxg6 28. h5 Ne5 29. Qg5+ Kf8 30. Qe3 Nc4 31. Qf2 Nxd2 32.
Qxd2 f6 33. h6 Kf7 34. h7 Rh8 35. Qh6 Bd3 36. Qh5+ Kf8 37. Qh6+ Kf7 38. Qd2 Bc4 39. Re1 Be6 40. g4 Rxh7 41. e5 1-0

[Event "Late-Titled-Tuesday-Blitz-February-06-2024"]
[Site "Chess.com"]
[Date "2024.02.06"]
[Round "11"]
[White "YurasovMat-2012"]
[Black "Payyappat"]
[Result "0-1"]
[WhiteElo "2672"]
[BlackElo "2550"]
[TimeControl "180+1"]
[EndTime "16:05:00 PST"]
[Termination "Payyappat won on time"]

1. e4 c6 2. d3 d5 3. Nd2 e5 4.
Ngf3 Bd6 5. d4 exd4 6. exd5 c5 7. Bb5+ Bd7 8. Bxd7+ Nxd7 9. O-O Ne7 10. Nc4 Nf6 11. Re1 O-O 12. Ng5 Nexd5 13. Qf3 h6 14. Ne4 Nxe4 15. Rxe4 Nf6 16. Rh4 b5 17. Nxd6 Qxd6 18. Qf5 Rfe8 19. Bxh6 gxh6 20. Rxh6 Qe5 21. Qxe5 Rxe5 22.
Rxf6 Re2 23. Rc1 Rae8 24. Kf1 Rd2 25. a4 bxa4 26. h4 Ree2 27. h5 Rxc2 28. Ra1 d3 29. g4 Rxb2 30. h6 a3 31. Rxa3 Rb1+ 32. Kg2 d2 33. h7+ Kxh7 34. Rxa7 Rg1+ 35. Kf3 Re7 36. Ra1 Rxa1 0-1

[Event "Late-Titled-Tuesday-Blitz-February-06-2024"]
[Site "Chess.com"]
[Date "2024.02.06"]
[Round "11"]
[White "Attacker_2006"]
[Black "IMSlavin"]
[Result "1-0"]
[WhiteElo "2486"]
[BlackElo "2348"]
[TimeControl "180+1"]
[EndTime "16:05:00 PST"]
[Termination "Attacker_2006 won by resignation"]

1. e4 Nc6 2. Nf3 d6 3. d4 Nf6 4. Nc3 Bg4 5. Bb5 a6 6. Bxc6+ bxc6 7. h3 Bc8 8. Be3 e6 9. Qd2 Be7 10. O-O h6 11. Rad1 O-O 12. e5 Nd5 13. Nxd5 cxd5 14. b3 dxe5 15. Nxe5 Bf6 16. c4 Bb7 17. Ng4 Bg5 18.
Bxg5 Qxg5 19. Qxg5 hxg5 20. c5 a5 21. Ne5 Rfd8 22.
Rc1 Ba6 23. Rfe1 Bb5 24. a4 Ba6 25. Nc6 Re8 26. Nxa5 Reb8 27. Re3 Bb7 28. Nxb7 Rxb7 29. Kf1 Rb4 30. Rd3 c6 31. Ke2 Kf8 32. Ke3 Ke7 33. Ra1 Kd7 34. Rh1 Rh8 35. g3 f6 36. h4 gxh4 37. Rxh4 Rhb8 38. Rh7 Rg8 39. Kd2 Ke7 40.
Kc2 Kf7 41. Kc3 Rgb8 42. Kc2 Kg6 43. Rh1 e5 44. dxe5 fxe5 45. f3 e4 46. fxe4 Rxe4 47. Rhd1 Rbb4 48. Kc3 Rg4 49. Rd4 Rxg3+ 50. Kxb4 Kf5 51.
R1d3 Rg2 52. Rd2 Rg3 53. R2d3 Rg2 54. Ka5 Ke5 55. Kb6 g5 56. Rb4 g4 57. Rdd4 g3 58.
Rg4 Kf5 59. Rg7 Ke5 60. Rbg4 d4 61. a5 Rb2 62. Rxg3 Kd5 63. Rd7+ Ke4 64. Rg4+ Ke5 65. Rgxd4 Rxb3+ 66. Kxc6 Ra3 67. R7d5+ 1-0

[Event "Late-Titled-Tuesday-Blitz-February-06-2024"]
[Site "Chess.com"]
[Date "2024.02.06"]
[Round "11"]
[White "Gryffindorac8"]
[Black "WilsonPalencia21"]
[Result "0-1"]
[WhiteElo "2396"]
[BlackElo "2603"]
[TimeControl "180+1"]
[EndTime "16:05:02 PST"]
[Termination "WilsonPalencia21 won by resignation"]

1. d4 Nf6 2. c4 c5 3. d5 e6 4. Nc3 exd5 5. cxd5 d6 6. Nf3 g6 7. h3 a6 8. a4 Bg7 9. e4 O-O 10. Bd3 Nh5 11. O-O Re8 12. Bg5 Bf6 13. Bxf6 Qxf6 14.
Re1 Nd7 15. Bf1 Ne5 16. Nxe5 Rxe5 17. g3 Bd7 18. Qd3 Rae8 19. f4 R5e7 20. Bg2 Qd4+ 21.
Qxd4 cxd4 22. Ne2 d3 23. Nd4 Nxg3 24. Re3 Nxe4 25. Rxd3 Nc5 26. Rd2 Re1+ 27. Rxe1 Rxe1+ 28. Kf2 Rb1 29. a5 Kg7 30. Ne2 Nb3 31. Rc2 Nxa5 32. Nc3 Ra1 33. Ne4 Bf5 34. Rc7 Bxe4 35. Bxe4 Ra2 36. Rc2 b5 37. Bd3 Nb3 38. Rc6 Rxb2+ 39. Ke3 Nc5 40. Be2 Rb3+ 41. Kf2 Ne4+ 42. Kg2 Rc3 43.
Rxa6 b4 44. Rb6 b3 45. Bd1 Nc5 46. Kf2 Rd3 47. Ke2 Rxd5 48. Bxb3 Nxb3 49. Rxb3 h5 50. Kf3 Kf6 51. Rc3 Rc5 52. Rd3 d5 53. Ra3 Kf5 54. Re3 f6 55. Ra3 d4 56. Kf2 Rc2+ 57. Ke1 Kxf4 58.
Rb3 g5 59. Ra3 f5 60. Kf1 g4 0-1